 Dungeon Crawl Stone Soup version 0.32-a0-981-g384da2ce10 (webtiles) character file.

Game seed: 5672537658249540509

1519 GiantSquids the Changeling (level 8, -9/54 HPs)
             Began as an Octopode Shapeshifter on Apr 21, 2024.
             Was an Initiate of Makhleb.
             Mangled by Prince Ribbit (19 damage)
             ... on level 6 of the Dungeon.
             The game lasted 00:11:00 (4437 turns).

GiantSquids the Changeling (Octopode Shapeshifter)  Turns: 4437, Time: 00:11:01

Health: -9/54      AC:  1    Str: 22    XL:     8   Next: 84%
Magic:  8/8        EV: 12    Int: 12    God:    Makhleb [......]
Gold:   136        SH:  0    Dex: 11    Spells: 7/7 levels left

rFire   . . .        t - +1 demon trident (pain)
rCold   . . .        (no shield)
rNeg    . . .        (helmet currently unavailable)
rPois   +            (no amulet)
rElec   .            f - +6 ring of strength
rCorr   .            (no ring)
SInv    .            (no ring)
Will    .....        (no ring)
Stlth   +++          (no ring)
HPRegen 0.29/turn    (no ring)
MPRegen 0.11/turn    (no ring)
                     (no ring)

%: no passive effects
@: beast-form
A: beast (slay +3), almost no armour, amphibious, 8 rings, camouflage 1,
gelatinous body 1, (nimble swimmer 1), tentacles, poison resistance
a: Begin Untransformation, Renounce Religion


You were on level 6 of the Dungeon.
You worshipped Makhleb.
Makhleb was noncommittal.
You were a hulking beast.
You visited 1 branch of the dungeon, and saw 7 of its levels.

You collected 196 gold pieces.
You spent 60 gold pieces at shops.

Inventory:

Hand Weapons
 i - a +2 dagger of venom
 t - a +1 demon trident of pain (weapon)
Missiles
 w - 3 boomerangs (quivered)
Jewellery
 f - a +6 ring of strength (left tentacle)
 g - a ring of fire
 o - a +6 ring of intelligence
Talismans
 b - a beast talisman (active)
 c - a flux talisman
Wands
 q - a wand of quicksilver (6)
 x - a wand of paralysis (10)
Scrolls
 d - 3 scrolls of teleportation
 j - a scroll of fear
 k - 3 scrolls of fog
 m - 2 scrolls of amnesia
 n - a scroll of revelation
 r - 2 scrolls of enchant armour
Potions
 a - 3 potions of lignification
 e - a potion of mutation
 h - a potion of berserk rage
 l - 2 potions of haste
 p - a potion of cancellation
 s - a potion of heal wounds
 u - a potion of curing {unknown}
 v - a potion of ambrosia


   Skills:
 + Level 4.5 Fighting
 + Level 3.5 Polearms
 - Level 2.0 Dodging
 - Level 3.0 Stealth
 - Level 6.2 Unarmed Combat
 + Level 1.1 Necromancy
 * Level 6.6 Shapeshifting


You had 7 spell levels left.
You didn't know any spells.
Your spell library contained the following spells:

 Spells                   Type           Power      Damage    Failure   Level
 Dazzling Flash           Conj/Hex       0%         N/A       69%         3
 Mephitic Cloud           Conj/Alch/Air  0%         N/A       69%         3
 Silence                  Hex/Air        0%         N/A       100%        5


Dungeon Overview and Level Annotations

Branches:
Dungeon (7/15)
 Temple: D:4-7

Altars:
Makhleb
Qazlal
Zin

Shops:
D:3 *   D:5 (

Annotations:
D:6 1 runed translucent door, Crazy Yiuf, Prince Ribbit


Innate Abilities, Weirdness & Mutations

You are a hulking beast.
Your limbs bulge with bestial killing power. (Slay +3)
You cannot wear most types of armour.
You are amphibious.
You can wear up to eight rings at the same time.
Your skin changes colour to match your surroundings (Stealth+).
Your rubbery body absorbs attacks. (AC +1, EV +1)
((You are camouflaged when in or above water. (Stealth+)))
You have tentacles for arms and can constrict up to eight enemies at once.
Your system is resistant to poisons. (rPois)


Message History

Makhleb accepts your kill.
You puncture Prince Ribbit! Your grab misses Prince Ribbit.
Prince Ribbit is moderately wounded.
You hear a shout!
Prince Ribbit blinks!
You hit the orc. Your grab misses the orc.
The orc is lightly wounded.
Prince Ribbit blinks!
The orc hits you with a +0 club. x2
You puncture the orc!
You kill the orc!
Makhleb accepts your kill.
Reach: t) +1 demon trident (pain)
Press: ? - help, Dir - move target, f - Prince Ribbit
Aim: Prince Ribbit (moderately wounded, about 57% to evade your +1 demon trident of pain)
You reach to attack!
You hit Prince Ribbit.
Prince Ribbit is heavily wounded.
Prince Ribbit hits you.
You miss Prince Ribbit. Your grab misses Prince Ribbit.
Prince Ribbit is heavily wounded.
Prince Ribbit hits you!
You closely miss Prince Ribbit. Your grab misses Prince Ribbit.
Your squeeze misses Prince Ribbit.
Prince Ribbit is heavily wounded.
Prince Ribbit closely misses you. Prince Ribbit misses you.
Reach: t) +1 demon trident (pain)
Press: ? - help, Dir - move target, f/p - Prince Ribbit
Aim: Prince Ribbit (heavily wounded, about 57% to evade your +1 demon trident of pain)
You barely miss Prince Ribbit. You grab Prince Ribbit.
Your squeeze misses Prince Ribbit.
Prince Ribbit is heavily wounded.
You constrict Prince Ribbit. Prince Ribbit hits you!!
* * * LOW HITPOINT WARNING * * *
Reach: t) +1 demon trident (pain)
Press: ? - help, Dir - move target, f/p - Prince Ribbit
Aim: Prince Ribbit (severely wounded, constricted by you, about 23% to evade your +1 demon trident of pain)
You barely miss Prince Ribbit.
Prince Ribbit is severely wounded.
You constrict Prince Ribbit. Prince Ribbit closely misses you.
Prince Ribbit hits you!!
You die...

#..........#
#.####.....#######
#....'............
######.....###
#####.# ######.###
##........#####
#####.............#
#.hF...............
#.##.#.##.###.####.
#.##)#.##.###.####.
#.##........)......
#.##.#o#.##.###.##.
#....#.............
#.##.#.#o#.##.#.##.
...##...#.F.. ...
....##.#....!.
.#..F


You could see Prince Ribbit.

Vanquished Creatures
  Pikel (D:5)
  Grinder (D:4)
  A water moccasin (D:5)
  2 orc warriors
  2 ogres (D:6)
  4 lemures (D:5)
  A phantom (D:5)
  A scorpion (D:5)
  An orc priest (D:4)
  Ijyb (D:5)
  An iguana (D:3)
  Natasha (D:2)
  3 gnolls (D:2)
  4 adders
  A white imp (D:6)
  A dart slug (D:4)
  2 ribbon worms (D:2)
  11 orcs
  6 bats
  11 endoplasms
  2 giant cockroaches (D:3)
  9 goblins
  7 hobgoblins
  4 jackals
  4 kobolds
  3 quokkas
  14 ball pythons
  2 frilled lizards (D:1)
  5 rats
106 creatures vanquished.

Notes
Turn   | Place    | Note
-------+----------+-------------------------------------------
     0 | D:1      | GiantSquids the Octopode Shapeshifter began the quest for
                  | the Orb.
     0 | D:1      | Reached XP level 1. HP: 13/13 MP: 1/1
    93 | D:1      | Reached skill level 1 in Stealth
   147 | D:1      | Reached XP level 2. HP: 18/18 MP: 2/2
   504 | D:2      | Reached XP level 3. HP: 15/23 MP: 3/3
   662 | D:2      | Reached XP level 4. HP: 28/28 MP: 4/4
   817 | D:2      | Found a stormy altar of Qazlal.
  1165 | D:2      | Noticed Natasha
  1171 | D:2      | Killed Natasha
  1172 | D:2      | Reached skill level 5 in Unarmed Combat
  1172 | D:2      | Reached XP level 5. HP: 23/33 MP: 5/5
  1485 | D:3      | Found Oxkimo Data's Assorted Antiques.
  1506 | D:3      | Bought a scroll labelled IPNEXU GAITT for 20 gold pieces
  1506 | D:3      | Bought a scroll labelled OCLYTHRE JURGHUNEH for 20 gold
                  | pieces
  1506 | D:3      | Bought a scroll labelled KEFOITENOI for 20 gold pieces
  1549 | D:3      | Found a burning altar of Makhleb.
  1549 | D:3      | Found a glowing silver altar of Zin.
  1550 | D:3      | Noticed an angel
  1550 | D:3      | Noticed a green death
  1554 | D:3      | Became a worshipper of Makhleb the Destroyer
  2355 | D:4      | Noticed Grinder
  2377 | D:4      | Killed Grinder
  2378 | D:4      | Reached XP level 6. HP: 23/39 MP: 6/6
  2914 | D:5      | Entered Level 5 of the Dungeon
  2944 | D:5      | Reached XP level 7. HP: 43/45 MP: 7/7
  3350 | D:5      | Reached skill level 1 in Polearms
  3352 | D:5      | Noticed Pikel
  3447 | D:5      | Killed Pikel
  3448 | D:5      | Reached skill level 5 in Shapeshifting
  3448 | D:5      | Reached XP level 8. HP: 13/54 MP: 8/8
  3638 | D:5      | Found Rueluf's Firing Range.
  3797 | D:5      | Noticed Ijyb
  3801 | D:5      | Paralysed by Ijyb for 3 turns
  3807 | D:5      | Killed Ijyb
  4020 | D:5      | Gained mutation: Your system is resistant to poisons.
                  | (rPois) [potion of mutation]
  4172 | D:6      | Found a runed translucent door.
  4173 | D:6      | Noticed Crazy Yiuf
  4209 | D:6      | You fall into a shaft and drop 1 floor!
  4386 | D:6      | Noticed Prince Ribbit
  4427 | D:6      | Reached skill level 1 in Necromancy
  4437 | D:6      | Mangled by Prince Ribbit

Illustrated notes

Levels and vault maps discovered:
D:1:      minmay_arrival_loop, layout_rooms
D:2:      minmay_chambers_of_ones, layout_rooms, basic_altar,
          grunt_ministairs_5, kennysheep_generic_room_5, uniq_natasha
D:3:      layout_loops_ring, grunt_temple_overflow_order_and_chaos_2,
          serial_shops, nicolae_shop_competitors_out_of_business
D:4:      layout_basic, uniq_grinder
D:5:      layout_cave_pods, nicolae_shop_firing_range, uniq_ijyb, uniq_pikel
D:6:      layout_basic, minmay_diced_spiral, uniq_crazy_yiuf_cottage,
          uniq_prince_ribbit1
D:7:      layout_rooms, tso_altar, overflow_temple_1_default,
          minmay_temple_entry_proselytizer, corexii_corridor_pit,
          dk_noncrumbling_3, uniq_duvessa, uniq_maurice

Skill      XL: |  1  2  3  4  5  6  7  8 |
---------------+-------------------------+-----
Stealth        | 1 2 3 |  3.0
Unarmed Combat | 4 5 6 |  6.2
Fighting       | 2 3 4 |  4.5
Shapeshifting  | 4 5 6 |  6.6
Polearms       | 2 3 |  3.5
Necromancy     | 1 |  1.1
Dodging        | |  2.0

Action                     |  1- 3 |  4- 6 |  7- 9 || total
---------------------------+-------+-------+-------++-------
  Melee: Unarmed           |    45 |    95 |       ||   140
         Tentacles         |    10 |    14 |    10 ||    34
         Constrict         |    13 |    23 |    13 ||    49
         Punch             |       |     4 |       ||     4
         Demon trident     |       |       |    55 ||    55
    Use: Scroll            |       |     8 |     6 ||    14
         Potion            |       |       |     1 ||     1
   Stab: Sleeping          |     4 |    20 |     2 ||    26
 Armour: Skin              |    27 |    36 |    24 ||    87
  Dodge: Dodged            |    54 |    60 |    25 ||   139

Table legend: (Time is in decaauts)
 A = Elapsed time spent in this place.
 B = Non-inter-level travel time spent in this place.
 C = Inter-level travel time spent in this place.
 D = Time resting spent in this place.
 E = Time spent auto-exploring this place.
 F = Levels seen in this place.
 G = Mean time per level.
                   A        B        C        D        E       F      G
               +--------+--------+--------+--------+--------+-----+--------+
         Total |   4431 |   4329 |    102 |     37 |   3525 |   7 |  633.0 |
       Dungeon |   4431 |   4329 |    102 |     37 |   3525 |   7 |  633.0 |
               +--------+--------+--------+--------+--------+-----+--------+

Top non-repeatable levels by time:
     D:5: 1157 daAuts
     D:4: 953 daAuts
     D:2: 765 daAuts
     D:3: 696 daAuts
     D:1: 485 daAuts
     D:6: 345 daAuts
     D:7: 28 daAuts
